[Event "7th Sharjah Masters 2024"]
[Site "Sharjah"]
[Date "2024.05.16"]
[Round "3.22"]
[White "Sadhwani, Raunak"]
[Black "Kadric, Denis"]
[Result "1/2-1/2"]
[ECO "D20"]
[WhiteElo "2654"]
[BlackElo "2558"]
[Annotator "TA"]
[PlyCount "27"]
[EventDate "2024.05.13"]
[EventType "swiss"]
[EventCountry "UAE"]
[SourceTitle "playchess.com"]
[Source "ChessBase"]
[SourceQuality "1"]
[TimeControl "5400+30"]

1. d4 d5 2. c4 dxc4 3. e3 e5 4. Bxc4 exd4 5. exd4 Bd6 6. Nf3 Nf6 7. O-O O-O 8. Bg5 Nc6 9. Nc3 {[%emt 0:10:15] The position is equal.} h6 10. Bh4 Bg4 11. h3 Bxf3 12. Qxf3 Nxd4 {[%emt 0:00:06] Excellent horsemanship.} 13. Qxb7 Nf5 14. Bxf6 {[%emt 0:02:04] An uneventful encounter.   Weighted Error Value: White=0.06 (flawless) /Black=0.06 (flawless) .  OK:         	White=1     	Black=2      Best:        	White=1     	---} 1/2-1/2

[Event "7th Sharjah Masters 2024"]
[Site "Sharjah"]
[Date "2024.05.16"]
[Round "3.23"]
[White "Mishra, Abhimanyu"]
[Black "Horvath, Dominik"]
[Result "1/2-1/2"]
[ECO "C43"]
[WhiteElo "2634"]
[BlackElo "2554"]
[Annotator "TA"]
[PlyCount "60"]
[EventDate "2024.05.13"]
[EventType "swiss"]
[EventCountry "UAE"]
[SourceTitle "playchess.com"]
[Source "ChessBase"]
[SourceQuality "1"]
[TimeControl "5400+30"]

1. e4 e5 2. Nf3 Nf6 3. d4 Nxe4 4. Bd3 Nc6 5. Nxe5 Nxe5 6. dxe5 d5 7. exd6 Nc5 8. dxc7 {[%emt 0:12:25] White is slightly better.} Nxd3+ 9. Qxd3 Qxd3 10. cxd3 Bd6 {[%emt 0:00:06] Prevents Bf4.} 11. Nc3 {[%emt 0:02:18] And now Nb5 would win.} Bxc7 12. Be3 O-O 13. O-O Rd8 14. Rfd1 Bf5 15. d4 Ba5 16. d5 Bxc3 17. bxc3 Rac8 {[%emt 0:01:17] [#]} 18. Rac1 $1 (18. Bxa7 Rxc3 19. h3 Rd3 $11) 18... Rc4 19. Bxa7 f6 20. Rd2 Kf7 21. Be3 b5 22. Bb6 Rdc8 23. d6 {[%emt 0:00:39] Threatens to win with d7.} Rxc3 24. Rxc3 Rc7 {[%emt 0:23:11][%mdl 8192] [#]} 25. Rc4 $2 Rxc4 $14 26. h3 {[%emt 0:00:39] d7 would now be deadly.} Rc3 $2 (26... Bd7 $14) 27. Re2 $2 (27. d7 $18 Bxd7 28. Rxd7+ Kg6 29. Rd2 Rc1+ 30. Kh2) 27... Ra3 $2 (27... Be6 $14) 28. g4 $2 (28. Re7+ $18 {and the rest is easy.} Kg6 29. d7 Bxd7 30. Rxd7) 28... Bc2 $2 29. Kh2 b4 30. f3 $2 (30. Rxc2 Rd3 31. Bc5) 30... Bd1 $2 {[%emt 0:00:00][%mdl 32768] Weighted Error Value: White=0.98/Black=0.92.  Loses game:     	---       	Black=4      Missed win:     	White=3     	---        Mistake:       	---       	Black=1      Inaccurate:     	White=2     	Black=2      OK:         	White=5     	Black=5      Best:        	White=2     	Black=3      Strong:       	White=1     	---       . An unexpected result.} (30... Ba4 {was necessary.} 31. Re7+ Kg8) 1/2-1/2

[Event "7th Sharjah Masters 2024"]
[Site "Sharjah"]
[Date "2024.05.16"]
[Round "3.24"]
[White "Erdogmus, Yagiz Kaan"]
[Black "Suleymanli, Aydin"]
[Result "0-1"]
[ECO "E20"]
[WhiteElo "2554"]
[BlackElo "2621"]
[Annotator "TA"]
[PlyCount "92"]
[EventDate "2024.05.13"]
[EventType "swiss"]
[EventCountry "UAE"]
[SourceTitle "playchess.com"]
[Source "ChessBase"]
[SourceQuality "1"]
[TimeControl "5400+30"]

1. d4 Nf6 2. c4 e6 3. Nc3 Bb4 4. f3 c5 5. d5 d6 6. e4 b5 {[%emt 0:00:19] E20: Nimzo-Indian: 4 g3 and 4 f3.} 7. Nge2 bxc4 8. Nf4 e5 9. Nfe2 Nbd7 10. Ng3 Nb6 11. Be2 Ng8 12. h4 f5 13. f4 Nf6 14. O-O O-O $146 ({Predecessor:} 14... Bxc3 15. bxc3 O-O 16. fxe5 dxe5 17. exf5 Bb7 18. a4 Kh8 19. d6 Nbd5 20. Bxc4 Qxd6 {0-1 Doshi,M (2401)-Arhan,C (2341) Abu Dhabi op 29th 2023 (5)}) 15. fxe5 dxe5 16. exf5 Bb7 17. d6 Bxc3 18. bxc3 Bd5 19. a4 a5 20. Rb1 Qxd6 21. Nh5 Nfd7 22. f6 g6 (22... Nxf6 $2 23. Nxf6+ (23. Rxb6 Qxb6 24. Nxf6+ gxf6 $18) 23... gxf6 (23... Rxf6 $2 24. Rxb6 Rxf1+ 25. Bxf1 $18) 24. Rxb6 Qxb6 25. Qxd5+ Kh8 26. Bxc4 $18 (26. Bh6 Rad8 $18)) 23. Qd2 (23. f7+ Rxf7 24. Rxf7 Kxf7 $15) (23. Bg5 $11 {keeps the balance.}) 23... Rf7 (23... gxh5 24. Qg5+ Kf7 25. Bxh5+ Ke6 26. Qg4#) (23... Nxf6 $2 24. Rxb6 Ne4 25. Rxd6 $18) 24. Qg5 (24. Ng3 $17) 24... Be4 (24... Kh8 25. Ng3 $17) (24... Nxa4 $19 25. Bd2 Kh8) 25. Rxb6 Nxb6 26. Ng3 Bc2 27. h5 (27. Bf3 $17 {was necessary.}) 27... Raf8 $1 $19 28. hxg6 hxg6 (28... Rxf6 $19 29. gxh7+ Kh8) 29. Nh5 $17 Rh7 $1 30. Ng3 Kh8 31. Rf2 Bb1 32. Nf1 (32. Be3 $17) 32... Nd7 33. Ne3 Bd3 (33... Nxf6 34. Nxc4 Qe6 35. Bg4) 34. Nxc4 Bxc4 35. Bxc4 Rxf6 ({But not} 35... Nxf6 36. Qxg6 Qd1+ 37. Rf1 $17) 36. Rd2 (36. Rxf6 $142 Qxf6 37. Be3) 36... Qf8 $19 37. Rd1 {[%emt 0:01:01] [#]} Rf5 $1 38. Qxg6 $2 {[%emt 0:00:38] [#]} (38. Rf1 Rxf1+ 39. Bxf1) 38... Rfh5 $1 $19 39. Qxh5 Rxh5 40. Rxd7 Qf6 41. Be2 Rh7 42. Rd3 Qh4 43. Bd2 Qh1+ 44. Kf2 Rf7+ 45. Kg3 Rg7+ 46. Bg4 Qh5 0-1

[Event "7th Sharjah Masters 2024"]
[Site "Sharjah"]
[Date "2024.05.16"]
[Round "3.25"]
[White "Gledura, Benjamin"]
[Black "Adhiban, B.."]
[Result "1/2-1/2"]
[ECO "D38"]
[WhiteElo "2619"]
[BlackElo "2523"]
[Annotator "TA"]
[PlyCount "56"]
[EventDate "2024.05.13"]
[EventType "swiss"]
[EventCountry "UAE"]
[SourceTitle "playchess.com"]
[Source "ChessBase"]
[SourceQuality "1"]
[TimeControl "5400+30"]

1. d4 d5 2. c4 e6 3. Nf3 Nf6 4. Nc3 Bb4 5. Qa4+ Nc6 6. Qc2 O-O 7. Bg5 h6 8. Bxf6 {[%emt 0:04:25] White has an edge.} Qxf6 9. a3 Bxc3+ 10. Qxc3 dxc4 11. e3 Re8 12. Bxc4 e5 13. dxe5 (13. Nxe5 {simplifies} Nxe5 14. dxe5 Qxe5 15. Qxe5 Rxe5 16. O-O-O) 13... Nxe5 14. Nxe5 (14. Rc1 {simplifies} Nxf3+ 15. gxf3 Qxc3+ 16. Rxc3 c6 17. Ke2) 14... Qxe5 15. Qxe5 Re7 {[%emt 1:15:19][%mdl 8192] [#]} 16. Qe6 $2 Rxe6 $2 (16... Bxe6 $11 17. Bxe6 Rxe6) 17. Ke2 $2 (17. Bxe6 $18 Bxe6 18. Rc1) 17... Re5 18. f3 Be6 {[%emt 0:00:00] The position is equal.} 19. Bxe6 Rxe6 $11 {[%emt 0:00:00][%mdl 4096] Endgame. KRR-KRR} 20. Rhd1 Rae8 21. Rd3 Rc6 22. Rad1 Rc2+ 23. R1d2 Rxd2+ 24. Kxd2 Kf8 25. Rd7 Re7 26. Rd8+ Re8 27. Rd7 Re7 28. Rd8+ Re8 {[%emt 0:00:00] Weighted Error Value: White=0.47/Black=0.52.  Loses game:     	---       	Black=2      Missed win:     	White=1     	---        OK:         	White=8     	Black=8} 1/2-1/2

[Event "7th Sharjah Masters 2024"]
[Site "Sharjah"]
[Date "2024.05.16"]
[Round "3.26"]
[White "Iniyan, Pa"]
[Black "Ivanchuk, Vasyl"]
[Result "1-0"]
[ECO "D07"]
[WhiteElo "2497"]
[BlackElo "2609"]
[Annotator "RC"]
[PlyCount "109"]
[EventDate "2024.05.13"]
[EventType "swiss"]
[EventCountry "UAE"]
[SourceTitle "playchess.com"]
[Source "ChessBase"]
[SourceQuality "1"]
[TimeControl "5400+30"]

1. d4 d5 2. c4 Nc6 3. Nf3 Bg4 4. Nc3 e6 5. cxd5 exd5 6. Bg5 Be7 7. Bxe7 Ngxe7 8. e3 Qd6 9. Bd3 Nd8 10. Nb5 Qb4+ 11. Qd2 Qxd2+ 12. Kxd2 Bxf3 13. gxf3 Kd7 14. f4 g6 15. b4 a5 16. a3 Ndc6 17. Kc3 Ra6 18. Kb3 Rb6 19. h4 h5 20. Nc3 axb4 21. Na4 Na5+ 22. Ka2 b3+ 23. Kb2 Rf6 24. Nc5+ Kc8 25. Rhg1 Rd8 26. Rg5 Nc4+ 27. Bxc4 dxc4 28. Rc1 Rc6 29. Re5 Nf5 30. Ne4 b6 31. d5 Rcd6 32. Nxd6+ Nxd6 33. Re7 Rf8 34. f3 Kd8 35. Re4 b5 36. a4 Kd7 37. axb5 Ra8 38. Rexc4 Nxc4+ 39. Rxc4 Ra2+ 40. Kxb3 Rf2 41. Kc3 Rxf3 42. Kd4 Rh3 43. Ra4 Rxh4 44. Ke5 g5 45. b6 cxb6 46. Ra7+ Ke8 47. fxg5 Rh1 48. g6 fxg6 49. Ke6 Kf8 50. d6 Re1 51. Ra3 Kg7 52. Rd3 Rf1 53. d7 Rf6+ 54. Ke5 Rf5+ 55. Ke4 1-0

[Event "7th Sharjah Masters 2024"]
[Site "Sharjah"]
[Date "2024.05.16"]
[Round "3.27"]
[White "Gupta, Abhijeet"]
[Black "Zemlyanskii, Ivan"]
[Result "0-1"]
[ECO "A16"]
[WhiteElo "2604"]
[BlackElo "2516"]
[Annotator "TA"]
[PlyCount "89"]
[EventDate "2024.05.13"]
[EventType "swiss"]
[EventCountry "UAE"]
[SourceTitle "playchess.com"]
[Source "ChessBase"]
[SourceQuality "1"]
[TimeControl "5400+30"]

1. Nf3 Nf6 2. c4 g6 3. Nc3 d5 4. cxd5 Nxd5 5. h4 Bg7 6. e4 Nxc3 7. dxc3 Qxd1+ 8. Kxd1 {[%emt 0:00:05] White is slightly better.} Nd7 9. h5 b6 10. Be3 Bb7 11. Nd2 O-O-O 12. h6 Be5 13. Kc2 f5 14. f3 fxe4 15. Nxe4 Bxe4+ 16. fxe4 Nf6 17. Rh4 Bg3 18. Rh3 Bd6 19. Bd3 Rhf8 20. Rd1 Ng4 21. Ba6+ {[%emt 0:00:30] This pair of bishops is nice.} Kb8 22. b4 c6 23. Kb3 Kc7 24. Be2 (24. Bd4 $11) 24... Nf2 $15 25. Bxf2 Rxf2 26. Bf3 Be5 {[%emt 0:00:30][%cal Of2f3] [#] aiming for ...Rxf3!} 27. Rxd8 Kxd8 {[%emt 0:00:30][%mdl 4096] Endgame. KRB-KRB} 28. Rh1 e6 {[%emt 0:00:30] Black is much more active.} 29. a4 a6 30. Rc1 Ke7 31. Rc2 ({Better is} 31. a5 $11 b5 32. Rh1) 31... Rxc2 $1 32. Kxc2 {[%emt 0:00:30] KB-KB} Bf4 33. Be2 a5 $1 (33... Bxh6 34. Bxa6 Bf4 35. Kd3 $11) 34. Kd3 Kd6 ({Much weaker is} 34... Bxh6 35. Kd4 $11) 35. Kc4 ({White should try} 35. Bg4 $15) 35... Bxh6 $17 36. e5+ Kxe5 37. bxa5 bxa5 38. Kc5 (38. Bf3 $17 {was necessary.}) 38... Bd2 $19 39. c4 {[%emt 0:04:49] [#]} (39. Kc4) 39... Bb4+ 40. Kxc6 Kd4 41. c5 e5 {[%emt 0:00:35] Black mates.} 42. Kb5 Bxc5 43. Kxa5 Kc3 44. Kb5 Ba7 45. Kc6 {[%emt 0:02:26] Weighted Error Value: White=0.54/Black=0.05 (flawless) .  Mistake:       	White=5     	---        Inaccurate:     	White=3     	Black=3      OK:         	White=12    	Black=11     Best:        	---       	Black=5      Strong:       	---       	Black=2} 0-1

[Event "7th Sharjah Masters 2024"]
[Site "Sharjah"]
[Date "2024.05.16"]
[Round "3.28"]
[White "Royal, Shreyas"]
[Black "Kuybokarov, Temur"]
[Result "1-0"]
[ECO "D11"]
[WhiteElo "2464"]
[BlackElo "2602"]
[Annotator "TA"]
[PlyCount "133"]
[EventDate "2024.05.13"]
[EventType "swiss"]
[EventCountry "UAE"]
[SourceTitle "playchess.com"]
[Source "ChessBase"]
[SourceQuality "1"]
[TimeControl "5400+30"]

1. d4 Nf6 2. c4 c6 3. Nf3 d5 4. Nbd2 Bf5 5. Nh4 Be4 6. Qb3 Qc7 7. Nxe4 (7. cxd5 {feels hotter.} cxd5 8. Nxe4 dxe4 9. Bf4) 7... Nxe4 8. Nf3 {[%emt 0:01:21] The position is equal.} (8. e3 {is more complex.} Qa5+ 9. Ke2 Nd7 10. cxd5 Qxd5 11. f3) 8... e6 9. Nd2 Nf6 10. g3 g6 11. Bg2 Bg7 12. O-O O-O 13. Qc2 a5 14. b3 Na6 15. Bb2 Rfd8 16. a3 Rac8 17. Rac1 h5 18. h4 Qe7 19. Rfd1 Nc7 20. Bc3 Ra8 21. Qb2 Nce8 22. e4 dxe4 23. Nxe4 Nxe4 24. Bxe4 Nf6 25. Bg2 Ng4 26. Re1 Qf8 27. Rcd1 Bf6 28. d5 Bxc3 29. Qxc3 Qc5 30. Qd4 Qxa3 31. Qb6 cxd5 32. cxd5 Rd6 33. Qxb7 Rad8 34. Bf3 Qc5 35. Bxg4 hxg4 36. Qe7 $1 (36. dxe6 $2 Rxd1 37. Qxf7+ Kh8 38. Qf6+ Kh7 39. Rxd1 Rxd1+ $19) 36... R8d7 37. Qe8+ Kg7 38. dxe6 fxe6 (38... Rxd1 $14 39. exd7 Rd2 40. Qe5+ (40. d8=B $2 Qxf2+ 41. Kh1 Qh2#) 40... Qxe5 41. Rxe5 Rd1+ 42. Kg2 Rxd7) 39. Rxd6 (39. Qxd7+ $18 Rxd7 40. Rxd7+ Kf6 41. Rb7) 39... Rxd6 $14 {[%emt 0:00:39][%mdl 4096] Endgame. KQR-KQR} 40. Qe7+ (40. Rxe6 $6 Rd1+ 41. Re1 Qd5 $14) 40... Kg8 41. Qe8+ ({Of course not} 41. Rxe6 $6 Rd1+ 42. Kg2 Qd5+ 43. Re4 Re1 44. Qe8+ Kg7 45. Qe7+ Kg8 46. Qe8+ Kg7 47. Qe7+ Kh8 48. Qf6+ Kg8 49. Qxg6+ Kf8 50. Qf6+ (50. Qe8+ Kg7 $11) 50... Kg8 51. Qg6+ Kf8 52. Qf6+ (52. Qe8+ Kg7 $11) 52... Kg8 53. Qg6+ $11) (41. Rf1 $142 $1) 41... Kg7 $16 42. Rxe6 {[%emt 0:00:33] White is more active.} Rd1+ 43. Re1 Qd5 44. Qe7+ (44. Rxd1 {simplifies} Qxd1+ 45. Kh2 Qxb3 46. Qe5+) 44... Kg8 45. Kh2 {[%emt 0:00:16] White wants to mate with Qe8+.} (45. Rxd1 {simplifies} Qxd1+ 46. Kh2 Qxb3 47. Qe8+) 45... Rxe1 46. Qxe1 Qxb3 47. Qxa5 {[%emt 0:00:19] Strongly threatening Qd8+. KQ-KQ} Qf3 48. Qa7 Qf5 49. Qb8+ Kf7 50. Qc7+ Kf6 51. Qb6+ Kg7 52. Qd4+ Kf7 53. Kg2 Qf3+ 54. Kf1 Kg8 55. Ke1 Qf5 56. Kd2 g5 $2 (56... Kf7 $16) 57. hxg5 $1 $18 Qxg5+ 58. Qf4 Qg6 59. Qe5 (59. Ke3 $142 Qa6 60. Qxg4+ Kh7 61. Qe4+ Kh6 62. Qd4) 59... Qh6+ {[%emt 0:01:19] [#]} 60. Kd3 $2 (60. Qe3 $1 $18 Qd6+ 61. Kc3) 60... Qa6+ $14 61. Ke3 Qa3+ $1 62. Kf4 Qf3+ $1 63. Kg5 Qxf2 64. Qb8+ Kg7 65. Qc7+ Kg8 $2 {[%emt 0:00:08][%mdl 8192] [#]} (65... Qf7 $11 66. Qe5+ Kf8) 66. Kg6 $1 ({Inferior is} 66. Kxg4 Qd4+ 67. Kg5 Qd2+ 68. Kf5 Qd3+ 69. Kg5 Qe3+ 70. Kf5 Qd3+ 71. Kf6 Qa6+ 72. Kg5 Qb5+ 73. Kf4 Qf1+ 74. Kg5 Qb5+ 75. Kf4 Qf1+ 76. Kg5 Qb5+ $11) 66... Kf8 67. Qd8# {[%emt 0:05:57] Weighted Error Value: White=0.31/Black=0.17 (very precise) .  Loses game:     	---       	Black=3      Missed win:     	White=1     	---        Mistake:       	White=1     	---        Inaccurate:     	White=5     	Black=5      OK:         	White=15    	Black=19     Best:        	White=5     	Black=6      Strong:       	White=3     	Black=2} 1-0

[Event "7th Sharjah Masters 2024"]
[Site "Sharjah"]
[Date "2024.05.16"]
[Round "3.29"]
[White "Vakhidov, Jakhongir"]
[Black "Madaminov, Mukhiddin"]
[Result "1-0"]
[ECO "A28"]
[WhiteElo "2599"]
[BlackElo "2506"]
[Annotator "TA"]
[PlyCount "77"]
[EventDate "2024.05.13"]
[EventType "swiss"]
[EventCountry "UAE"]
[SourceTitle "playchess.com"]
[Source "ChessBase"]
[SourceQuality "1"]
[TimeControl "5400+30"]

1. c4 Nf6 2. Nc3 e5 3. Nf3 Nc6 4. e4 Bb4 5. d3 d6 6. a3 Bc5 7. b4 Bb6 8. Na4 {[%emt 0:01:08] The position is equal.} Bd4 9. Rb1 Bg4 10. Be2 {[%emt 0:00:08] And now Nxd4 would win.} Bxf3 11. Bxf3 a6 12. Qd2 O-O 13. O-O Ba7 14. Nc3 Nd4 15. Bd1 b5 16. Kh1 c6 17. a4 h6 18. axb5 axb5 19. cxb5 Nxb5 20. Nxb5 cxb5 21. Bb2 d5 22. Bxe5 dxe4 23. Bxf6 Qxf6 24. dxe4 Rad8 25. Qe2 Rd4 26. Bb3 Qe7 27. e5 Rxb4 28. f4 Kh8 29. Bc2 (29. Qd3 $16) 29... Rd8 30. Rbe1 Qc5 {[%emt 0:02:04] [#]} (30... Bb6 $14) 31. e6 ({White should play} 31. Bb1 $1 $16) 31... fxe6 $14 {[%emt 0:00:25] aiming for ...Rb2.} 32. f5 exf5 {[%emt 0:07:01] Black cannot hold the game after this.} (32... Bb8 $11 {and Black has nothing to worry.} 33. fxe6 Rh4) 33. Rxf5 $40 {[%emt 0:00:29][%mdl 128] Qe8+ would kill now. White is out for blood.} Qc8 $2 {[%emt 0:03:53] [#]} (33... Qc4 34. Qe7 Rg8) 34. Rd5 $3 {[%emt 0:02:38][%mdl 512] White wants to mate with Rxd8+.} Rg8 {[%emt 0:01:51] [#]} 35. Qd3 $1 (35. Rxb5 $2 {perishes.} Rxb5 36. Qd3 g6 37. Qxb5 Qxc2 $19) 35... g6 36. Rd7 (36. Rxb5 $2 {loses.} Rxb5 37. Qxb5 Qxc2 $19) 36... Qc5 {[%emt 0:01:38] Black is weak on the light squares} (36... Bc5 $18 37. Qd2 Rf4 38. Qxf4 Qxd7 39. Qe5+ (39. Qxh6+ Qh7 $18) 39... Kh7 40. Qxc5 Rg7) 37. Rd8 {[%emt 0:01:07] White mates.} Qb6 38. Rxg8+ Kxg8 39. Re8+ {[%emt 0:00:07] Weighted Error Value: White=0.20 (precise) /Black=0.40.  Loses game:     	---       	Black=1      Mistake:       	White=2     	Black=2      Inaccurate:     	White=1     	Black=1      OK:         	White=15    	Black=11     Best:        	White=1     	Black=2} 1-0

[Event "7th Sharjah Masters 2024"]
[Site "Sharjah"]
[Date "2024.05.16"]
[Round "3.30"]
[White "Mendonca, Leon Luke"]
[Black "Gholami Orimi, Mahdi"]
[Result "1-0"]
[ECO "B32"]
[WhiteElo "2640"]
[BlackElo "2470"]
[Annotator "TA"]
[PlyCount "87"]
[EventDate "2024.05.13"]
[EventType "swiss"]
[EventCountry "UAE"]
[SourceTitle "playchess.com"]
[Source "ChessBase"]
[SourceQuality "1"]
[TimeControl "5400+30"]

1. e4 c5 2. Nf3 a6 3. c4 Nc6 4. d4 cxd4 5. Nxd4 Nf6 6. Nc3 e5 7. Nc2 Bc5 8. Be3 Bxe3 9. Nxe3 d6 10. Bd3 O-O 11. O-O Be6 12. Rc1 Rc8 13. b3 Kh8 14. Kh1 Nd4 {[%emt 0:07:52] White is slightly better.} 15. f4 exf4 16. Rxf4 Nd7 17. Qh5 {[%emt 0:09:51][%cal Oe4e5] Strongly threatening e5!} Ne5 18. Bb1 g6 {[%emt 0:11:51] Prevents Nf5.} (18... f6 $11) 19. Qh6 $16 {[%emt 0:02:36] Rh4 would now be deadly.} f6 {[%emt 0:01:06] [#] ...Nf7 is the strong threat.} 20. Nf5 $1 Qd7 {[%emt 0:06:12] Dodges Qg7+} (20... gxf5 21. exf5) 21. Nxd4 $40 {[%emt 0:10:40][%mdl 128] White goes for the king.} Nf7 22. Qh4 (22. Rxf6 $2 {too greedy.} Nxh6 23. Rxe6 Ng4 $19 (23... Rce8 $2 24. Rxe8 Qxe8 25. Nce2 $19)) 22... g5 23. Qh5 gxf4 {[%emt 0:00:04] [#]} 24. e5 $1 {[%emt 0:00:14] White is much more active.} Ng5 {[%emt 0:02:08] A mistake that costs the game.} (24... Nd8 $16 {was worth a try.}) 25. exf6 $18 Rc5 {[%emt 0:01:35] [#]} 26. Qh6 Rg8 27. h4 f3 (27... Qf7 $142 28. hxg5 Rcxg5 29. Qxh7+ Qxh7+ 30. Bxh7 Kxh7) 28. hxg5 Rgxg5 29. Nd5 (29. gxf3 $2 {loses.} Rh5+ $19) 29... Rgxd5 30. cxd5 Rxc1+ 31. Qxc1 Bxd5 32. gxf3 (32. Qh6 $142 {White wants to mate with Qf8+.} fxg2+ 33. Kg1) 32... Qh3+ 33. Kg1 Qg3+ 34. Kf1 Qh3+ 35. Ke2 {[%emt 0:01:25] White threatens Qg5 and mate.} Qg2+ 36. Kd3 Qg6+ 37. Kc3 Qxf6 38. Qh1 Bg8 39. Qh5 b5 40. Be4 Qe7 41. Kd3 Qf6 42. Qe8 Qg5 43. Qf8 d5 {[%emt 0:01:22] [#]} 44. Bxd5 $1 {[%emt 0:00:21][%mdl 512] Weighted Error Value: White=0.31/Black=0.48.  Loses game:     	---       	Black=1      Mistake:       	---       	Black=2      Inaccurate:     	---       	Black=3      OK:         	White=12    	Black=7      Best:        	White=4     	Black=4      Strong:       	White=1     	---} 1-0

[Event "7th Sharjah Masters 2024"]
[Site "Sharjah"]
[Date "2024.05.16"]
[Round "3.31"]
[White "Sivuk, Vitaly"]
[Black "Esipenko, Andrey"]
[Result "1/2-1/2"]
[ECO "E56"]
[WhiteElo "2544"]
[BlackElo "2704"]
[Annotator "TA"]
[PlyCount "47"]
[EventDate "2024.05.13"]
[EventType "swiss"]
[EventCountry "UAE"]
[SourceTitle "playchess.com"]
[Source "ChessBase"]
[SourceQuality "1"]
[TimeControl "5400+30"]

1. d4 Nf6 2. c4 e6 3. Nc3 Bb4 4. e3 O-O 5. Bd3 d5 6. Nf3 c5 7. O-O dxc4 8. Bxc4 Nc6 9. a3 Ba5 10. Ne2 cxd4 11. Nexd4 Nxd4 12. Nxd4 Bc7 13. Qe2 Bd7 14. Bd2 Qb8 15. h3 Rc8 16. Rfd1 a6 17. Be1 b5 18. Ba2 Qb7 19. Rac1 Bb6 20. Qf3 Qxf3 {[%emt 0:00:30] The position is equal.} 21. Nxf3 Rxc1 22. Rxc1 Rc8 23. Rxc8+ Bxc8 24. Bc3 {[%emt 0:00:30] An uneventful encounter.   Weighted Error Value: White=0.08 (flawless) /Black=0.05 (flawless) .  Inaccurate:     	White=1     	---        OK:         	White=4     	Black=6} 1/2-1/2

[Event "7th Sharjah Masters 2024"]
[Site "Sharjah"]
[Date "2024.05.16"]
[Round "3.32"]
[White "Nikitenko, Mihail"]
[Black "Yilmaz, Mustafa"]
[Result "1-0"]
[ECO "B90"]
[WhiteElo "2529"]
[BlackElo "2641"]
[Annotator "TA"]
[PlyCount "53"]
[EventDate "2024.05.13"]
[EventType "swiss"]
[EventCountry "UAE"]
[SourceTitle "playchess.com"]
[Source "ChessBase"]
[SourceQuality "1"]
[TimeControl "5400+30"]

1. e4 c5 2. Nf3 d6 3. d4 cxd4 4. Nxd4 Nf6 5. Nc3 a6 6. Be3 e5 7. Nb3 Be6 8. Qd2 Nbd7 9. f4 b5 10. O-O-O Be7 11. h3 h5 (11... O-O $11) 12. Rg1 h4 13. Kb1 Rc8 14. a3 Qc7 15. f5 Bc4 16. g4 ({White should try} 16. Be2 $11) 16... hxg3 $15 17. Rxg3 d5 $1 18. Rxg7 {[%emt 0:15:23] [#]} (18. exd5 $15 Bxf1 19. Rxf1) 18... Bxb3 $1 $19 (18... d4 19. Bxc4 Qxc4 20. Nxd4 Bxa3 21. Nde2 $11) 19. cxb3 d4 (19... dxe4 $2 20. Nd5 Qc6 21. Nxe7 Kxe7 22. Qb4+ Nc5 23. Rc1 $18) 20. Bxd4 exd4 21. Qxd4 {[%emt 0:00:02] [#]} Bxa3 $2 22. b4 $1 $11 Rh4 23. Rg2 Rxh3 $2 (23... Kf8 $11) 24. Nd5 (24. e5 $142 Rxc3 25. exf6 Rc1+ 26. Rxc1 Qxc1+ 27. Ka2) 24... Nxd5 (24... Qc6 25. Bd3 (25. bxa3 Nxd5 26. exd5 Rb3+ 27. Ka2 Qc3 $11) 25... Bxb2 (25... Nxd5 $2 26. Rg8+ Nf8 27. exd5 $18) 26. Kxb2 (26. Rxb2 Nxd5 27. exd5 Qc3 $17) 26... Rxd3 27. Qxd3 (27. Rxd3 Qc1+ 28. Ka2 Nxd5 $18) 27... Nxd5 28. Qxd5 Qxd5 29. Rxd5 (29. exd5 Ke7 $18) 29... Rc4) 25. exd5 $18 ({Wrong is} 25. Rg8+ $2 Nf8 26. Qc5 Qxc5 (26... Nxb4 27. Rxf8#) 27. bxc5 Ne3 28. Bxh3 Nxd1 $19) 25... Bxb2 26. Qxb2 ({Not} 26. Rg8+ Nf8 27. Qxb2 (27. Qe4+ $2 Be5 $19) 27... Rh2 $16) 26... Re3 27. d6 {[%emt 0:00:29] Weighted Error Value: White=0.62/Black=0.57.  Loses game:     	---       	Black=1      Missed win:     	---       	Black=1      Mistake:       	White=3     	Black=2      Inaccurate:     	White=1     	Black=1      OK:         	White=4     	Black=4      Best:        	---       	Black=1      Strong:       	White=1     	Black=2} 1-0

[Event "7th Sharjah Masters 2024"]
[Site "Sharjah"]
[Date "2024.05.16"]
[Round "3.33"]
[White "Pranav Anand"]
[Black "Sargsyan, Shant"]
[Result "*"]
[ECO "B30"]
[WhiteElo "2532"]
[BlackElo "2637"]
[Annotator "RC"]
[PlyCount "24"]
[EventDate "2024.05.13"]
[EventType "swiss"]
[EventCountry "UAE"]
[SourceTitle "playchess.com"]
[Source "ChessBase"]
[SourceQuality "1"]
[TimeControl "5400+30"]

1. e4 c5 2. Nf3 Nc6 3. Bb5 e6 4. Bxc6 bxc6 5. b3 f6 6. d3 e5 7. Nh4 Ne7 8. f4 exf4 9. Bxf4 d5 10. g3 g5 11. O-O Kd7 12. Qg4+ Ke8 *